AoeStats
← Varvara

Arabia

503663696Analyzed
1v1 RM · 1mo ago on Sep 1, 2026· 33m 46s· 2 players
Game mode
Random Map
Map size
Tiny (2 player)
Population
200
Speed
Normal
Resources
Standard
Victory
Conquest
Starting age
Dark Age
Ending age
Imperial Age
RankedLock teamsTeams togetherTeam positionsShared explorationLock speedFull tech treeHidden civsTurbo modeCheats
Victory
Defeat
🇿🇦 Armenians · South Africa
722
+16
🇷🇺 Lithuanians · Russia
713
-16
Varvara
10:07 Feudal Age
10:59 Double-Bit Axe
10:56 Horse Collar
14:15 Loom
15:08 Forging
17:13 Fletching
18:01 Bloodlines
23:19 Castle Age
24:21 Bow Saw
24:57 Iron Casting
25:45 Scale Barding Armor
25:51 Heavy Plow
26:14 Husbandry
25:43 Light Cavalry
27:58 Chain Barding Armor
28:33 Thumb Ring
DarkElf
0:28 Loom
10:15 Feudal Age
11:34 Wheelbarrow
10:44 Horse Collar
11:05 Town Watch
11:09 Double-Bit Axe
11:58 Gold Mining
15:39 Man-at-Arms
16:07 Arson
17:19 Long Swordsman
20:02 Padded Archer Armor
21:32 Scale Mail Armor
22:45 Stone Mining
25:08 Castle Age
25:16 Castle Age
23:39 Pikeman
26:04 Fletching
27:30 Gambesons
27:46 Squires
27:46 Two-Handed Swordsman
28:57 Fervor
31:19 Forging
34:00 Ballistics
Connection lost

Rejoining the realm…

Still unreachable

The connection could not be restored.

Session expired

The server has moved on; the page needs a fresh start.